 Dungeon Crawl Stone Soup version 0.30.1-11-g7821555f0a (webtiles) character file.

Game seed: 16900047739758557996

1142 krest322 the Cleaver (level 8, -1/105 HPs)
             Began as a Hill Orc Fighter on Nov 16, 2023.
             Was an Initiate of Beogh.
             Slain by Prince Ribbit (10 damage)
             ... on level 5 of the Dungeon.
             The game lasted 00:08:11 (4176 turns).

krest322 the Cleaver (Hill Orc Fighter)             Turns: 4176, Time: 00:08:12

Health: -1/105     AC: 15    Str: 20 (21) XL:     8   Next: 37%
Magic:  10/10      EV:  6    Int:  6 (8)  God:    Beogh [......]
Gold:   195        SH:  4    Dex:  7 (10) Spells: 7/7 levels left

rFire   . . .        a - +0 war axe
rCold   . . .        c - +0 buckler
rNeg    . . .        l - +0 plate armour
rPois   .            o - +0 helmet
rElec   .            (no cloak)
rCorr   .            e - +0 pair of gloves
SInv    .            (no boots)
Will    .....        (no amulet) Stlth
                     (no ring)
HPRegen 0.37/turn    (no ring)
MPRegen 0.12/turn

%: no passive effects
@: berserking, flying, very quick
A: no striking features
a: Renounce Religion


You were on level 5 of the Dungeon.
You worshipped Beogh.
Beogh was noncommittal.
You visited 1 branch of the dungeon, and saw 5 of its levels.

You collected 195 gold pieces.

Inventory:

Hand Weapons
 a - a +0 war axe (weapon)
 r - the +7 bardiche "Lebruq" {flame, rPois}
   (You found it on level 3 of the Dungeon)

   rPois:     It protects you from poison.
Armour
 c - a +0 buckler (worn)
 e - a +0 pair of gloves (worn)
 l - a +0 plate armour (worn)
 o - a +0 helmet (worn)
Jewellery
 p - a ring of wizardry
 y - a ring of ice
Scrolls
 b - a scroll of blinking {unknown}
 f - 2 scrolls of brand weapon {unknown}
 g - 4 scrolls of identify {unknown}
 j - 2 scrolls of teleportation {unknown}
 k - 2 scrolls of poison {unknown}
 n - 2 scrolls of enchant weapon {unknown}
 q - a scroll of summoning {unknown}
 s - 3 scrolls of fear {unknown}
 v - 2 scrolls of silence {unknown}
 w - a scroll of immolation {unknown}
 x - a scroll of noise {unknown}
Potions
 h - a potion of flight
 i - 2 potions of curing
 m - 2 potions of degeneration
 t - a potion of mutation {unknown}
 u - a potion of cancellation {unknown}
 z - a potion of heal wounds {unknown}
 A - a potion of brilliance {unknown}


   Skills:
 + Level 5.7 Fighting
 + Level 9.0 Axes
 + Level 5.8 Armour
 + Level 4.4 Shields
 * Level 3.6 Invocations


You had 7 spell levels left.
You didn't know any spells.
Your spell library contained the following spells:

 Spells                   Type           Power      Damage    Failure   Level
 Kiss of Death            Conj/Necr      0%         2d5       100%        1
 Summon Small Mammal      Summ           0%         N/A       100%        1
 Call Canine Familiar     Summ           0%         N/A       100%        3
 Confusing Touch          Hex            0%         N/A       100%        3
 Dazzling Flash           Conj/Hex       0%         N/A       100%        3
 Summon Guardian Golem    Hex/Summ       0%         N/A       100%        3
 Animate Armour           Summ/Erth      0%         N/A       100%        4
 Dispel Undead            Necr           0%         3d6       100%        4
 Agony                    Necr           0%         N/A       100%        5
 Blade Hands              Tmut           0%         N/A       100%        5
 Silence                  Hex/Air        0%         N/A       100%        5
 Iron Shot                Conj/Erth      0%         9d1       100%        6


Dungeon Overview and Level Annotations

Branches:
Dungeon (5/15)
 Temple: D:4-7

Altars:
Nemelex Xobeh
Ru
Trog

Annotations:
D:5 Prince Ribbit


Message History

You hit Prince Ribbit but do no damage.
Prince Ribbit is heavily wounded.
Prince Ribbit hits you!
You miss Prince Ribbit.
Prince Ribbit is heavily wounded.
Prince Ribbit hits you. Prince Ribbit closely misses you.
You hit Prince Ribbit but do no damage.
Prince Ribbit is heavily wounded.
Prince Ribbit hits you.
You barely miss Prince Ribbit.
Prince Ribbit is heavily wounded.
Prince Ribbit hits you!
* * * LOW HITPOINT WARNING * * *
Prince Ribbit hits you but does no damage.
You miss Prince Ribbit.
Prince Ribbit is heavily wounded.
Prince Ribbit hits you but does no damage. x2
You miss Prince Ribbit.
Prince Ribbit is heavily wounded.
Prince Ribbit hits you!
* * * LOW HITPOINT WARNING * * *
It was a potion of curing.
You feel better. Prince Ribbit hits you!
* * * LOW HITPOINT WARNING * * *
Prince Ribbit hits you but does no damage.
It was a potion of degeneration.
There was something very wrong with that liquid.
You feel weakened.
You feel dopey.
You feel clumsy. You block Prince Ribbit's attack.
It was a potion of flight.
You feel very buoyant.
You fly up into the air.
Prince Ribbit barely misses you.
It was a potion of berserk rage.
A red film seems to cover your vision as you go berserk!
You feel yourself moving faster!
You feel mighty!
Prince Ribbit hits you but does no damage.
Prince Ribbit closely misses you.
You barely miss Prince Ribbit.
Prince Ribbit is heavily wounded.
Prince Ribbit hits you!
You die...

#########
#.......#
#.......#
#.......+
#.....@.#######
#.....F........
#..............
#..............
#..?...........
#####
#..............
#...##
#.....#'##+###+#
#....#
#.....#....#
#....#
#.....#....#


You could see Prince Ribbit.

Vanquished Creatures
  Grinder (D:5)
  Duvessa (D:5)
  A water moccasin (D:5)
  A sky beast (D:3)
  An ogre (D:5)
  A scorpion (D:5)
  Dowan (D:5)
  3 hounds
  2 sleepcaps (D:4)
  2 iguanas (D:5)
  Natasha (thrice) (D:4)
  3 gnolls (D:2)
  7 adders
  2 ufetubi
  3 worms
  3 dart slugs
  3 orcs
  5 bats
  8 endoplasms
  2 giant cockroaches
  11 goblins
  7 hobgoblins
  9 kobolds
  5 quokkas
  4 ball pythons
  3 frilled lizards
  3 rats
95 creatures vanquished.

Notes
Turn   | Place    | Note
-------+----------+-------------------------------------------
     0 | D:1      | krest322 the Hill Orc Fighter began the quest for the Orb.
     0 | D:1      | Reached XP level 1. HP: 19/19 MP: 1/1
    53 | D:1      | Reached XP level 2. HP: 23/27 MP: 2/2
    84 | D:1      | Reached skill level 3 in Axes
   620 | D:2      | Reached XP level 3. HP: 33/33 MP: 3/3
   965 | D:2      | Reached skill level 4 in Axes
   965 | D:2      | Reached XP level 4. HP: 36/40 MP: 4/4
  1419 | D:3      | Found a bloodstained altar of Trog.
  1422 | D:3      | Identified the +7 bardiche "Lebruq" {flame, rPois}
  1943 | D:3      | Noticed a sky beast
  1960 | D:3      | Killed a sky beast
  1961 | D:3      | Reached skill level 5 in Axes
  1961 | D:3      | Reached XP level 5. HP: 44/47 MP: 5/5
  2236 | D:4      | Reached skill level 6 in Axes
  2236 | D:4      | Reached XP level 6. HP: 53/53 MP: 6/6
  2299 | D:4      | Noticed Natasha
  2307 | D:4      | Killed Natasha
  2505 | D:4      | Found a sacrificial altar of Ru.
  2560 | D:4      | Found a sparkling altar of Nemelex Xobeh.
  2561 | D:4      | Noticed Natasha
  2581 | D:4      | Killed Natasha
  2836 | D:4      | Reached skill level 7 in Axes
  2839 | D:4      | Became a worshipper of Beogh the Brigand
  3373 | D:4      | Noticed Natasha
  3375 | D:5      | Entered Level 5 of the Dungeon
  3382 | D:4      | Reached XP level 7. HP: 48/60 MP: 7/7
  3383 | D:4      | Killed Natasha
  3488 | D:5      | Reached skill level 5 in Fighting
  3488 | D:5      | Reached skill level 1 in Invocations
  3568 | D:5      | Reached skill level 5 in Armour
  3639 | D:5      | Noticed Grinder
  3646 | D:5      | Paralysed by Grinder for 2 turns
  3664 | D:5      | Killed Grinder
  3665 | D:5      | Reached skill level 8 in Axes
  3778 | D:5      | Noticed Duvessa
  3778 | D:5      | Noticed Dowan
  3798 | D:5      | Killed Duvessa
  3799 | D:5      | Reached XP level 8. HP: 58/69 MP: 10/10
  3800 | D:5      | Killed Dowan
  4100 | D:5      | Noticed Prince Ribbit
  4124 | D:5      | Reached skill level 9 in Axes
  4176 | D:5      | Slain by Prince Ribbit

Illustrated notes

Levels and vault maps discovered:
D:1:      spicycebolla_arrival_risky_transporter, layout_basic,
          hangedman_decor_diamond_cutter, nrook_campfire
D:2:      layout_loops_ring
D:3:      layout_loops_corners, trog_three_pillars_becter
D:4:      layout_basic, mainiacjoe_overflow_alcove_2,
          mainiacjoe_overflow_six_doors_small, minmay_fractal_squares_5,
          uniq_natasha
D:5:      layout_gridville, uniq_duvessa, uniq_prince_ribbit1, uniq_grinder

Skill      XL: |  1  2  3  4  5  6  7  8 |
---------------+-------------------------+-----
Axes           | 3 4 5 6 7 8 9 |  9.0
Fighting       | 4 5 |  5.7
Armour         | 4 5 |  5.8
Shields        | 4 |  4.4
Invocations    | 3 |  3.6

Action                     |  1- 3 |  4- 6 |  7- 9 || total
---------------------------+-------+-------+-------++-------
  Melee: War axe           |    82 |   172 |    88 ||   342
 Invoke: Convert to Beogh  |       |     1 |       ||     1
    Use: Potion            |       |     1 |     5 ||     6
 Armour: Scale mail        |    22 |       |       ||    22
         Plate armour      |    29 |   125 |    46 ||   200
  Dodge: Dodged            |    26 |    52 |    21 ||    99
  Block: Buckler           |    25 |    46 |    18 ||    89
